 Dungeon Crawl Stone Soup version 0.29-a0-322-g68df515428 (webtiles) character file.

Game seed: 17117221093790797476

3502 kae the Gusty (level 10, -2/150 HPs)
             Began as an Ogre Air Elementalist on Apr 9, 2022.
             Was an Initiate of Gozag.
             Slain by Prince Ribbit (12 damage)
             ... in a bailey.
             The game lasted 00:11:18 (12605 turns).

kae the Gusty (Ogre Air Elementalist)              Turns: 12605, Time: 00:11:18

Health: -2/150     AC:  5    Str: 14    XL:     10   Next: 7%
Magic:  19/19      EV: 11    Int: 20    God:    Gozag
Gold:   636        SH:  0    Dex:  9    Spells: 11/21 levels left

rFire   . . .      SeeInvis .   q - +2 long sword (elec)
rCold   . . .      Faith    .   (no shield)
rNeg    . . .      Spirit   .   a - +1 robe
rPois   .          Reflect  .   (helmet restricted)
rElec   .          Harm     .   v - +0 cloak
rCorr   .          Rampage  .   (gloves unavailable)
Will    +....                   (boots unavailable)
Stlth   ..........              (no amulet)
HPRegen 0.35/turn               (no ring)
MPRegen 0.16/turn               (no ring)

@: mighty, berserking, hasted, very quick
A: large, unfitting armour, tough skin 1
a: Renounce Religion, Potion Petition, Call Merchant, Bribe Branch


You were in a bailey.
You worshipped Gozag.
Gozag was pleased with you.
You visited 2 branches of the dungeon, and saw 8 of its levels.
You also visited: Bailey.

You collected 749 gold pieces.
You spent 56 gold pieces at shops.
You paid 57 gold pieces to Gozag.

Inventory:

Hand Weapons
 d - a +0 short sword
 q - a +2 long sword of electrocution (weapon)
Missiles
 y - a throwing net
Armour
 a - a +1 robe (worn)
 v - a +0 cloak (worn)
Jewellery
 k - a ring of see invisible
 l - a +6 ring of intelligence
 r - a ring of magical power
 u - an amulet of guardian spirit
 w - a +4 ring of evasion
Wands
 t - a wand of polymorph (8)
 A - a wand of mindburst (7)
Scrolls
 c - a scroll of enchant armour
 e - a scroll of identify
 h - 6 scrolls of teleportation
 i - 2 scrolls of enchant weapon
 p - a scroll of blinking
 x - 2 scrolls of fog
Potions
 b - 3 potions of curing
 g - 2 potions of attraction
 n - 3 potions of brilliance
 o - 3 potions of heal wounds
 s - 2 potions of ambrosia
 z - a potion of flight
 B - a potion of degeneration


   Skills:
 + Level 6.5 Fighting
 + Level 5.1 Dodging
 + Level 4.4 Stealth
 + Level 6.1 Spellcasting
 + Level 5.0 Conjurations
 * Level 7.5 Air Magic


You had 11 spell levels left.
You knew the following spells:

 Your Spells              Type           Power      Damage    Failure   Level
a - Shock                 Conj/Air       100%       1d9       1%          1
b - Static Discharge      Conj/Air       31%        N/A       1%          2
c - Swiftness             Air            36%        N/A       1%          3
d - Airstrike             Air            18%        N/A       4%          4

Your spell library contained the following spells:

 Spells                   Type           Power      Damage    Failure   Level
 Foxfire                  Conj/Fire      64%        2x1d7     3%          1
 Conjure Flame            Conj/Fire      16%        6-21      11%         3
 Call Canine Familiar     Summ           6%         N/A       30%         3
 Confusing Touch          Hex            6%         N/A       30%         3
 Gell's Gravitas          Tloc           6%         N/A       30%         3
 Inner Flame              Hex/Fire       6%         N/A       30%         3
 Portal Projectile        Hex/Tloc       12%        N/A       30%         3
 Teleport Other           Tloc           6%         N/A       30%         3
 Flame Wave               Conj/Fire      16%        2d6       36%         4
 Leda's Liquefaction      Hex/Erth       3%         N/A       71%         4
 Yara's Violent Unravell  Hex/Tmut       3%         3d4       96%         5
 Dispersal                Tloc           3%         N/A       100%        6
 Enfeeble                 Hex            3%         N/A       100%        7


Dungeon Overview and Level Annotations

Branches:
Dungeon (7/15)             Temple (1/1) D:4          Bailey (1/1)

Altars:
Ashenzari
Fedhas
Gozag
Kikubaaqudgha
Makhleb
Okawaru
Qazlal
Trog
Vehumet
Yredelemnul

Shops:
D:1 ?   D:2 !   D:4 [

Annotations:
Bailey Prince Ribbit


Innate Abilities, Weirdness & Mutations

You are too large for most types of armour.
You have tough skin. (AC +1)


Message History

There is an open door, spattered with blood here.
Okay, then.
Okay, then.
Okay, then.
Okay, then.
You don't have any unidentified items.
Unknown command.
Okay, then.
You feel yourself speed up. Prince Ribbit hits you!
You feel very mighty all of a sudden. Prince Ribbit completely misses you.
A red film seems to cover your vision as you go berserk!
You feel yourself moving faster!
You feel mighty! Prince Ribbit hits you!
You hit Prince Ribbit.
Prince Ribbit is lightly wounded.
Prince Ribbit hits you!
You miss Prince Ribbit.
Prince Ribbit is lightly wounded.
Prince Ribbit misses you.
You hit the vault guard but do no damage.
You closely miss the vault guard. The vault guard closely misses you.
Prince Ribbit barely misses you.
You closely miss Prince Ribbit.
Prince Ribbit is lightly wounded.
Prince Ribbit hits you! The vault guard closely misses you.
You barely miss Prince Ribbit.
Prince Ribbit is lightly wounded.
Prince Ribbit hits you but does no damage.
The vault guard hits you with a +0 broad axe!!
Prince Ribbit hits you!
* * * LOW HITPOINT WARNING * * *
You closely miss the vault guard. Prince Ribbit hits you!
* * * LOW HITPOINT WARNING * * *
The vault guard hits you with a +0 broad axe!!
* * * LOW HITPOINT WARNING * * *
You miss Prince Ribbit.
Prince Ribbit is lightly wounded.
Prince Ribbit hits you!
You die...
Your body crumbles into a pile of gold.

#.∩.∩.#
#.....######
####...##....##
##≈≈#'#'#).....##
#≈≈≈≈≈#....#....#
#≈≈≈≈≈#...####..#
#≈≈≈≈≈#...#.....#
##≈≈≈##...#.....#
###'####..###@###
#......)).#≈Fp≈≈#
#.....)####≈..≈≈#
#.....##≈##≈.≈≈##
##....#≈≈≈≈≈.≈≈#
##..##≈≈≈≈≈.≈≈#
##.#≈≈≈≈≈..≈≈##
###≈≈≈≈....≈≈#
#≈≈≈≈≈≈.≈≈≈##


You could see a vault guard and Prince Ribbit.

Vanquished Creatures
  3 humans (Bailey)
  Edmund (D:6)
  Menkaure (D:7)
  2 water moccasins
  Duvessa (D:7)
  An orc warrior (Bailey)
  A sky beast (D:6)
  3 ogres
  A centaur (D:5)
  A kobold brigand (D:4)
  3 phantoms
  8 bullfrogs (Bailey)
  4 scorpions
  A necrophage (D:4)
  Dowan (D:7)
  A howler monkey (D:5)
  4 hounds
  A gnoll shaman (D:5)
  3 orc priests
  4 iguanas
  4 orc wizards
  A hound skeleton (D:4)
  17 gnolls
  7 adders
  A white imp (D:4)
  2 ufetubi (D:4)
  3 worms
  3 dart slugs
  26 orcs
  6 ball pythons
  7 bats
  7 endoplasms
  4 hobgoblins
  10 jackals
  2 quokkas
  6 frilled lizards
  15 goblins
  46 kobolds
  6 rats
218 creatures vanquished.

Vanquished Creatures (collateral kills)
  A hobgoblin (D:2)
1 creature vanquished.

Grand Total: 219 creatures vanquished

Notes
Turn   | Place    | Note
-------+----------+-------------------------------------------
     0 | D:1      | kae the Ogre Air Elementalist began the quest for the Orb.
     0 | D:1      | Reached XP level 1. HP: 16/16 MP: 3/3
    74 | D:1      | Reached skill level 1 in Conjurations
    90 | D:1      | Reached XP level 2. HP: 3/26 MP: 3/5
   441 | D:1      | Reached skill level 3 in Air Magic
   605 | D:1      | Found a faded altar of an unknown god.
   991 | D:1      | Found Maystaphe's Magic Scroll Shoppe.
  1013 | D:1      | Bought a scroll of identify for 26 gold pieces
  1100 | D:2      | Reached XP level 3. HP: 30/32 MP: 6/6
  1122 | D:2      | Found Unimijy's Distillery.
  1125 | D:2      | Bought a potion of curing for 30 gold pieces
  1233 | D:2      | Reached skill level 1 in Fighting
  1741 | D:2      | Learned a level 2 spell: Static Discharge
  1745 | D:2      | Learned a level 3 spell: Swiftness
  2379 | D:3      | Reached XP level 4. HP: 25/41 MP: 4/8
  2884 | D:3      | Reached XP level 5. HP: 41/49 MP: 7/9
  3958 | D:4      | Reached skill level 4 in Air Magic
  4236 | D:4      | Noticed a phantom
  4249 | D:4      | Reached XP level 6. HP: 37/58 MP: 4/10
  4642 | D:4      | Found a staircase to the Ecumenical Temple.
  4667 | D:4      | Found Cuthael's Antique Armour Boutique.
  4679 | Temple   | Entered the Ecumenical Temple
  5878 | D:4      | Reached XP level 7. HP: 41/67 MP: 0/12
  6863 | D:4      | Found a burning altar of Makhleb.
  7177 | Temple   | Became a worshipper of Gozag Ym Sagoz the Greedy
  7214 | D:5      | Entered Level 5 of the Dungeon
  7266 | D:5      | Reached skill level 5 in Air Magic
  7619 | D:5      | Reached XP level 8. HP: 77/78 MP: 6/14
  9129 | D:5      | You fall into a shaft and drop 1 floor!
  9202 | D:6      | Noticed Edmund
  9216 | D:6      | Killed Edmund
  9217 | D:6      | Reached skill level 6 in Air Magic
  9352 | D:6      | Reached skill level 5 in Fighting
  9459 | D:5      | Reached skill level 5 in Spellcasting
  9459 | D:5      | Reached XP level 9. HP: 48/88 MP: 3/16
 10829 | D:5      | Learned a level 4 spell: Airstrike
 11338 | D:7      | Noticed Duvessa
 11339 | D:7      | Noticed Dowan
 11349 | D:7      | Killed Duvessa
 11359 | D:7      | Killed Dowan
 11485 | D:7      | Noticed Menkaure
 11488 | D:7      | Killed Menkaure
 11571 | D:7      | Found a flagged portal.
 11710 | Bailey   | Entered a bailey
 11938 | Bailey   | Reached skill level 7 in Air Magic
 12193 | Bailey   | Noticed Prince Ribbit
 12193 | Bailey   | Noticed a vault guard
 12230 | Bailey   | Reached skill level 5 in Dodging
 12234 | Bailey   | Reached XP level 10. HP: 37/100 MP: 6/19
 12501 | Bailey   | Reached skill level 5 in Conjurations
 12605 | Bailey   | Slain by Prince Ribbit

Illustrated notes

Levels and vault maps discovered:
D:1:      psy_arrival_whirlpool, layout_rooms, serial_shops, shop_scrolls,
          hellmonk_ecumenical_altar_heavens_door, minmay_statues_item
D:2:      layout_basic, serial_shops, nicolae_shop_behind_doors
D:3:      layout_rooms, minmay_fractal_squares_gapless_5
D:4:      minmay_goblin_kobold_castle, layout_rooms,
          makhleb_blood_cavern_becter, minmay_temple_entry_statues_pillars,
          serial_shops, shop, nrook_campfire, hangedman_minor_gate_pass
D:5:      layout_basic
D:6:      layout_cave_pools, minmay_door_square, uniq_edmund
D:7:      layout_loops_ring, enter_bailey_1, grunt_decor_resistance,
          uniq_menkaure, uniq_duvessa
Temple:   jpeg_temple_island
Bailey:   bailey_axe_froggy_fort_hellmonk, bailey

Skill      XL: |  1  2  3  4  5  6  7  8  9 10 |
---------------+-------------------------------+-----
Conjurations   | 1 2 3 4 5 |  5.0
Air Magic      | 3 4 5 6 7 |  7.5
Dodging        | 2 3 4 5 |  5.1
Fighting       | 1 2 3 5 6 |  6.5
Spellcasting   | 3 4 5 6 |  6.1
Stealth        | 2 3 4 |  4.4

Action                   |  1- 3 |  4- 6 |  7- 9 | 10-12 || total
-------------------------+-------+-------+-------+-------++-------
Melee: Unarmed           |     3 |       |       |       ||     3
       Short sword       |    40 |    34 |       |       ||    74
       Long sword        |       |    44 |    48 |    10 ||   102
       Punch             |       |     2 |     1 |       ||     3
 Cast: Shock             |    80 |   121 |   123 |       ||   324
       Static Discharge  |     4 |    32 |    84 |     3 ||   123
       Swiftness         |       |       |     3 |       ||     3
       Airstrike         |       |       |     9 |       ||     9
  Use: Potion            |     1 |       |     2 |     3 ||     6
       Scroll            |     7 |     6 |     9 |       ||    22
 Stab: Sleeping          |       |     1 |     2 |       ||     3
Armor: Robe              |    31 |    44 |    57 |     4 ||   136
Dodge: Dodged            |    52 |    86 |   129 |     9 ||   276

Table legend: (Time is in decaauts)
 A = Elapsed time spent in this place.
 B = Non-inter-level travel time spent in this place.
 C = Inter-level travel time spent in this place.
 D = Time resting spent in this place.
 E = Time spent auto-exploring this place.
 F = Levels seen in this place.
 G = Mean time per level.
                   A        B        C        D        E       F      G
               +--------+--------+--------+--------+--------+-----+--------+
         Total |  12721 |  12328 |    393 |   2172 |   8580 |   9 | 1413.4 |
       Dungeon |  11407 |  11158 |    249 |   1808 |   7911 |   7 | 1629.6 |
        Temple |    410 |    266 |    144 |      0 |    256 |   1 |  410.0 |
        Bailey |    903 |    903 |      0 |    364 |    412 |   1 |  903.0 |
               +--------+--------+--------+--------+--------+-----+--------+

Top non-repeatable levels by time:
     D:4: 3304 daAuts
     D:5: 2652 daAuts
     D:3: 1672 daAuts
     D:6: 1190 daAuts
     D:1: 1090 daAuts
     D:2: 987 daAuts
  Bailey: 903 daAuts
     D:7: 510 daAuts
  Temple: 410 daAuts
